 Dungeon Crawl Stone Soup version 0.21-a0-442-g848f44b (webtiles) character file.

4 Gorice the Chopper (level 1, 0/15 HPs)
             Began as a Demonspawn Wanderer on Nov 12, 2017.
             Slain by a ball python (1 damage)
             ... on level 1 of the Dungeon.
             The game lasted 00:01:03 (107 turns).

Gorice the Chopper (Demonspawn Wanderer)             Turns: 107, Time: 00:01:04

Health: 0/15       AC:  2    Str: 13    XL:     1   Next: 58%
Magic:  1/1        EV:  8    Int: 13    God:
Gold:   5          SH:  0    Dex: 11    Spells: 0/0 levels left

rFire    . . .     SeeInvis .   a - +2 hand axe
rCold    . . .     Gourm    .   (no shield)
rNeg     . . .     Faith    .   d - +0 robe
rPois    .         Spirit   .   (no helmet)
rElec    .         Reflect  .   (no cloak)
rCorr    .         Harm     .   (no gloves)
MR       .....                  (no boots)
Stlth    ++........             (no amulet)
HPRegen  0.05/turn              (no ring)
MPRegen  0.07/turn              (no ring)

@: constricted
A: no striking features
a: no special abilities


You were on level 1 of the Dungeon.
You were not hungry.

You visited 1 branch of the dungeon, and saw 1 of its levels.

You collected 5 gold pieces.

Inventory:

Hand Weapons
 a - a +2 hand axe (weapon)
 e - a +0 dagger
 g - a +0 hunting sling
Armour
 d - a +0 robe (worn)
Potions
 b - a potion of curing
 c - a potion of lignification {!q}
Comestibles
 f - a bread ration {!e}
 h - a chunk of flesh


   Skills:
 - Level 1.0 Fighting
   Level 1.0 Long Blades
 * Level 3.0 Axes
 - Level 1.0 Throwing
 - Level 1.0 Dodging
 - Level 2.6 Stealth


You couldn't memorise any spells.
You didn't know any spells.

Dungeon Overview and Level Annotations

Branches:
Dungeon (1/15)

Altars:


Message History

You butcher the hobgoblin corpse.
h - a chunk of flesh You see here a club.
A hobgoblin comes into view. It is wielding a club.
The hobgoblin shouts!
The hobgoblin closely misses you.
A ball python comes into view.
The ball python hisses angrily.
You hit the hobgoblin.
The hobgoblin is lightly wounded.
You hear a shout!
The hobgoblin closely misses you.
A kobold comes into view.
You completely miss the hobgoblin.
The hobgoblin is lightly wounded.
The hobgoblin hits you with a club.
Damage: 6 (max 6)
You hit the hobgoblin.
The hobgoblin is heavily wounded.
The hobgoblin barely misses you.
You barely miss the hobgoblin.
The hobgoblin is heavily wounded.
The hobgoblin hits you with a club.
* * * LOW HITPOINT WARNING * * *
The ball python bites you.
* * * LOW HITPOINT WARNING * * *
The ball python barely misses you.
Damage: 6 (max 6)
A bat comes into view.
You hit the hobgoblin.
You kill the hobgoblin!
Your Axes skill increases to level 3!
You barely miss the ball python. The ball python barely misses you.
The ball python grabs you.
* * * LOW HITPOINT WARNING * * *
The ball python constricts you. The ball python barely misses you.
* * * LOW HITPOINT WARNING * * *
The ball python constricts you.
Damage: 2 (max 6)
You hit the ball python.
The ball python is moderately wounded.
The ball python bites you.
* * * LOW HITPOINT WARNING * * *
The ball python constricts you.
Damage: 1 (max 6)
You barely miss the ball python.
The ball python is moderately wounded.
The ball python bites you.
* * * LOW HITPOINT WARNING * * *
You die...

.......#........#'#..#
.....#.#........#.'..#
.b...#.#........######
....b#K#........#
#......#........#
##.....#........###
#.....#........'.#
...#'#.##########.#
##.#.#........KS@.#
....##############
.#...# .##..# #..#
##.# #.#


You could see a ball python and a kobold.

Vanquished Creatures
  A ball python (D:1)
  2 hobgoblins (D:1)
  A rat (D:1)
4 creatures vanquished.

Notes
Turn   | Place    | Note
-------+----------+-------------------------------------------
     0 | D:1      | Gorice the Demonspawn Wanderer began the quest for the Orb.
     0 | D:1      | Gorice set off with: a +2 hand axe, a potion of curing, a potion of lignification {!q}, a +0 robe, a +0 dagger, a bread ration {!e}
     0 | D:1      | Reached XP level 1. HP: 15/15 MP: 1/1
    77 | D:1      | HP: 3/15 [ball python (2)]
   104 | D:1      | Reached skill level 3 in Axes
   105 | D:1      | HP: 4/15 [ball python (1)]
   107 | D:1      | HP: 1/15 [ball python (1)]
   107 | D:1      | Slain by a ball python

Vault maps used:
D:1:      evilmike_arrival_fibonacci_small, minivault_24

Skill      XL: |  1 |
---------------+----+-----
Axes           | 3 |  3.0
Fighting       | |  1.0
Long Blades    | |  1.0
Throwing       | |  1.0
Dodging        | |  1.0
Stealth        | |  2.6

Action                   || total
-------------------------++-------
Melee: Hand axe          ||    13
Armor: Robe              ||     2
Dodge: Dodged            ||     6

Table legend:
 A = Spawn XP
 B = Non-spawn XP
 C = Spawn XP percentage of total XP
 D = Spawn monster count
 E = Non-spawn monster count
 F = Spawn count percentage of total count
 G = Total turns spent on level
                    A         B        C        D         E        F      G
               +---------+---------+-------+---------+---------+-------+---------
         Total |       0 |       7 |   0.0 |       0 |       4 |   0.0 |   107
               +---------+---------+-------+---------+---------+-------+---------
           D:1 |       0 |       7 |   0.0 |       0 |       4 |   0.0 |   107
               +---------+---------+-------+---------+---------+-------+---------

Table legend:
 A = Turns spent in this place as a percentage of turns spent in the entire game.
 B = Non-inter-level travel turns spent in this place as a percentage of non-inter-level travel turns spent in the entire game.
 C = Inter-level travel turns spent in this place as a percentage of turns spent in this place.
 D = Turns resting spent in this place as a percentage of non-inter-level travel turns spent in this place.
 E = Turns spent auto-exploring this place as a percentage of non-inter-level travel turns spent in this place.
 F = Non-inter-level travel turns spent in this place divided by the number of levels of this place that you've seen.
                   A       B       C       D       E      F
               +-------+-------+-------+-------+-------+----------------------
         Total | 100.0 | 100.0 |   0.0 |   0.0 |   9.3 | 107.0
       Dungeon | 100.0 | 100.0 |   0.0 |   0.0 |   9.3 | 107.0
               +-------+-------+-------+-------+-------+----------------------

Vault maps used:
D:1:      evilmike_arrival_fibonacci_small, minivault_24
